 Dungeon Crawl Stone Soup version 0.31-a0-75-g6fe912e8c5 (webtiles) character file.

Game seed: 9481192160918439683

221 Darkkill the Shooter (level 5, -2/46 HPs)
             Began as a Minotaur Hunter on May 23, 2023.
             Killed from afar by a steam dragon (9 damage)
             ... with a ball of steam
             ... on level 4 of the Dungeon.
             The game lasted 00:03:12 (2432 turns).

Darkkill the Shooter (Minotaur Hunter)              Turns: 2432, Time: 00:03:12

Health: -2/46      AC:  6    Str: 15    XL:     5   Next: 65%
Magic:  4/4        EV: 13    Int:  6    God:
Gold:   102        SH:  0    Dex: 16    Spells: 4/4 levels left

rFire   . . .        i - +0 orcbow
rCold   . . .        (shield currently unavailable)
rNeg    . . .        c - +0 leather armour
rPois   .            (helmet restricted)
rElec   .            m - +1 cloak
rCorr   .            e - +0 pair of gloves
SInv    .            (no boots)
Will    .....        (no amulet)
Stlth   ++           (no ring)
HPRegen 0.27/turn    (no ring)
MPRegen 0.09/turn

%: no passive effects
@: no status effects
A: horns 2, retaliatory headbutt
a: no special abilities


You were on level 4 of the Dungeon.
You visited 1 branch of the dungeon, and saw 4 of its levels.

You collected 102 gold pieces.

Inventory:

Hand Weapons
 i - a +0 orcbow (weapon)
Missiles
 d - 22 stones
Armour
 c - a +0 leather armour (worn)
 e - a +0 pair of gloves (worn)
 m - a +1 cloak (worn)
Scrolls
 b - 3 scrolls of immolation
Potions
 a - a potion of curing {unknown}
 f - a potion of haste {unknown}
 g - 3 potions of might
 h - a potion of heal wounds {unknown}
 j - 2 potions of brilliance
 k - a potion of cancellation {unknown}
 l - a potion of enlightenment {unknown}
 n - a potion of invisibility {unknown}
 o - 2 potions of lignification


   Skills:
 + Level 4.1 Fighting
 + Level 5.4 Ranged Weapons
 + Level 3.7 Dodging
 + Level 2.5 Stealth


You had 4 spell levels left.
You didn't know any spells.
Your spell library contained the following spells:

 Spells                   Type           Power      Damage    Failure   Level
 Magic Dart               Conj           0%         1d3       52%         1
 Call Imp                 Summ           0%         N/A       67%         2
 Ensorcelled Hibernation  Hex/Ice        0%         N/A       67%         2
 Passwall                 Tmut/Erth      0%         N/A       67%         2
 Mephitic Cloud           Conj/Pois/Air  0%         N/A       88%         3
 Swiftness                Air            0%         N/A       88%         3


Dungeon Overview and Level Annotations

Branches:
Dungeon (4/15)
 Temple: D:4-7

Altars:
Fedhas
Nemelex Xobeh
Wu Jian
Xom


Innate Abilities, Weirdness & Mutations

You have a pair of horns on your head.
You reflexively headbutt those who attack you in melee.


Message History

You kill the ball python!
There is a stone staircase leading down here.
You see here a ball python corpse.
There is a stone staircase leading down here.
Done exploring.
No target in view!
Done exploring.
No target in view!
Done exploring.
No target in view!
Done exploring.
No target in view!
Done exploring.
As you read the scroll labelled VOEHYR PUSCH, it crumbles to dust.
You hear the flapping of tiny wings.
It was a scroll of butterflies.
As you read the scroll of identify {@r1}, it crumbles to dust.
o - 2 potions of lignification You swap places.
You swap places.
You swap places.
You swap places.
You swap places.
You swap places.
You swap places.
You swap places.
Your butterfly disappears in a burst of colours!
There is a stone staircase leading down here.
Your butterfly disappears in a burst of colours!
You climb downwards.
There is a stone staircase leading up here.
A hobgoblin comes into view.
You shoot an arrow. The hobgoblin shouts!
The arrow hits the hobgoblin!
You kill the hobgoblin!
No target in view!
k - a coppery potion You see here a hobgoblin corpse.
No target in view!
A hobgoblin comes into view.
Found 5 gold pieces.
You shoot an arrow. The arrow hits the hobgoblin!
You kill the hobgoblin!
No target in view!
You enter the shallow water.
Moving in this stuff is going to be slow.
A steam dragon comes into view.
You shoot an arrow. The arrow hits the steam dragon.
The steam dragon hisses angrily.
The steam dragon is lightly wounded.
You shoot an arrow.
The arrow hits the steam dragon but does no damage.
The steam dragon is lightly wounded.
A steam dragon is nearby!
You shoot an arrow. The arrow hits the steam dragon.
The steam dragon is moderately wounded.
The steam dragon completely misses you. The steam dragon misses you.
A steam dragon is nearby!
You shoot an arrow.
The arrow barely misses the steam dragon.
The steam dragon closely misses you. The steam dragon misses you.
You shoot an arrow.
The arrow closely misses the steam dragon.
The steam dragon bites you but does no damage.
The steam dragon claws you.
You shoot an arrow.
The arrow barely misses the steam dragon.
The steam dragon barely misses you. x2; The steam dragon bites you.
The steam dragon barely misses you.
You shoot an arrow.
The arrow hits the steam dragon but does no damage.
The steam dragon is moderately wounded.
The steam dragon barely misses you. The steam dragon closely misses you.
You shoot an arrow. The arrow hits the steam dragon!
The steam dragon is heavily wounded.
The steam dragon bites you. The steam dragon misses you.
You shoot an arrow.
The arrow completely misses the steam dragon.
The steam dragon completely misses you. The steam dragon closely misses you.
You shoot an arrow. The arrow hits the steam dragon.
The steam dragon is severely wounded.
The steam dragon bites you but does no damage.
The steam dragon barely misses you.
You shoot an arrow.
The arrow barely misses the steam dragon.
The steam dragon breathes steam at you. The ball of steam hits you!
The steam dragon misses you. The steam dragon claws you.
You shoot an arrow. The arrow hits the steam dragon.
The steam dragon is severely wounded.
You are engulfed in a cloud of scalding steam.
The steam dragon closely misses you.
The steam dragon claws you but does no damage.
You shoot an arrow.
The arrow closely misses the steam dragon.
You are engulfed in a cloud of scalding steam.
* * * LOW HITPOINT WARNING * * *
The steam dragon breathes steam at you. The ball of steam hits you!
You die...

≈≈~≈≈ ≈~ ♣≈~≈♣
~# ≈~≈ ♣≈.≈♣ ≈~#
≈~≈♣♣♣≈.≈♣♣♣≈~#
≈.≈≈≈≈≈~≈≈≈≈≈.#
~~~~.$~...~.~~#
≈≈.≈≈≈≈≈.≈≈≈≈≈~#
♣≈~ ♣§@D♣ # ♣≈~≈
♣≈~≈♣ ~#
♣≈.≈♣♣♣≈~≈♣♣♣≈~#
≈≈.≈≈≈≈≈~≈≈≈≈≈~#
.~~.~~~.~.~..~.#
........#...####
######...###
#.### #.#


You could see a steam dragon (catching breath).

Vanquished Creatures
  A hound (D:3)
  2 orc priests (D:3)
  An orc wizard (D:3)
  4 adders
  A dart slug (D:1)
  2 orcs (D:3)
  4 bats
  5 endoplasms
  3 giant cockroaches (D:3)
  4 hobgoblins
  8 jackals
  6 quokkas
  3 ball pythons
  3 frilled lizards
  10 goblins
  5 kobolds
  6 rats
68 creatures vanquished.

Notes
Turn   | Place    | Note
-------+----------+-------------------------------------------
     0 | D:1      | Darkkill the Minotaur Hunter began the quest for the Orb.
     0 | D:1      | Reached XP level 1. HP: 18/18 MP: 0/0
   121 | D:1      | Reached skill level 1 in Stealth
   190 | D:1      | Reached XP level 2. HP: 25/25 MP: 1/1
   419 | D:1      | Reached XP level 3. HP: 31/31 MP: 2/2
   689 | D:2      | Found a faded altar of an unknown god.
   712 | D:2      | Found an ornate altar of the Wu Jian Council.
  1294 | D:3      | Reached XP level 4. HP: 38/38 MP: 3/3
  1488 | D:3      | Reached skill level 5 in Ranged Weapons
  1625 | D:3      | Reached XP level 5. HP: 36/46 MP: 4/4
  1957 | D:3      | Found a sparkling altar of Nemelex Xobeh.
  1957 | D:3      | Found a shimmering altar of Xom.
  1957 | D:3      | Found a blossoming altar of Fedhas.
  2418 | D:4      | Noticed a steam dragon
  2432 | D:4      | HP: 7/46 [steam dragon] (12)]
  2432 | D:4      | Killed from afar by a steam dragon

Illustrated notes

Levels and vault maps discovered:
D:1:      psy_arrival_conway, layout_loops_ring
D:2:      layout_rooms, shapermc_ecumenical_altar_notcrosses, basic_altar
D:3:      layout_basic, gammafunk_temple_overflow_claw
D:4:      layout_loops_corners, overflow_temple_1_default, roderic_batcave,
          kennysheep_boxes, uniq_menkaure

Skill      XL: |  1  2  3  4  5 |
---------------+----------------+-----
Stealth        | 1 2 |  2.5
Fighting       | 3 4 |  4.1
Dodging        | 3 |  3.7
Ranged Weapons | 5 |  5.4

Action                     |  1- 3 |  4- 6 || total
---------------------------+-------+-------++-------
   Fire: Shortbow          |   104 |    44 ||   148
         Orcbow            |       |    41 ||    41
    Use: Scroll            |     4 |     4 ||     8
 Armour: Leather armour    |    14 |    13 ||    27
  Dodge: Dodged            |    28 |    35 ||    63

Table legend: (Time is in decaauts)
 A = Elapsed time spent in this place.
 B = Non-inter-level travel time spent in this place.
 C = Inter-level travel time spent in this place.
 D = Time resting spent in this place.
 E = Time spent auto-exploring this place.
 F = Levels seen in this place.
 G = Mean time per level.
                   A        B        C        D        E       F      G
               +--------+--------+--------+--------+--------+-----+--------+
         Total |   2477 |   2401 |     76 |    100 |   1929 |   4 |  619.2 |
       Dungeon |   2477 |   2401 |     76 |    100 |   1929 |   4 |  619.2 |
               +--------+--------+--------+--------+--------+-----+--------+

Top non-repeatable levels by time:
     D:3: 1081 daAuts
     D:1: 699 daAuts
     D:2: 603 daAuts
     D:4: 93 daAuts

Levels and vault maps discovered:
D:1:      psy_arrival_conway, layout_loops_ring
D:2:      layout_rooms, shapermc_ecumenical_altar_notcrosses, basic_altar
D:3:      layout_basic, gammafunk_temple_overflow_claw
D:4:      layout_loops_corners, overflow_temple_1_default, roderic_batcave,
          kennysheep_boxes, uniq_menkaure

Table legend: (Time is in decaauts)
 A = Elapsed time spent in this place.
 B = Non-inter-level travel time spent in this place.
 C = Inter-level travel time spent in this place.
 D = Time resting spent in this place.
 E = Time spent auto-exploring this place.
 F = Levels seen in this place.
 G = Mean time per level.
                   A        B        C        D        E       F      G
               +--------+--------+--------+--------+--------+-----+--------+
         Total |   2477 |   2401 |     76 |    100 |   1929 |   4 |  619.2 |
       Dungeon |   2477 |   2401 |     76 |    100 |   1929 |   4 |  619.2 |
               +--------+--------+--------+--------+--------+-----+--------+

Top non-repeatable levels by time:
     D:3: 1081 daAuts
     D:1: 699 daAuts
     D:2: 603 daAuts
     D:4: 93 daAuts

Table legend:
 A = Kills in this place as a percentage of kills in the entire game.
 B = Kills by you in this place as a percentage of kills by you in the entire game.
 C = Kills by friends in this place as a percentage of kills by friends in the entire game.
 D = Other kills in this place as a percentage of other kills in the entire game.
 E = Experience gained in this place as a percentage of experience gained in the entire game.
 F = Experience gained in this place divided by the number of levels of this place that you have seen.
                   A       B       C       D       E      F
               +-------+-------+-------+-------+-------+----------------------
         Total | 100.0 | 100.0 |   N/A |   N/A | 100.0 |  79.2
       Dungeon | 100.0 | 100.0 |   N/A |   N/A | 100.0 |  79.2
               +-------+-------+-------+-------+-------+----------------------
